 Dungeon Crawl Stone Soup version 0.31-a0-971-g75a2e9a4b4 (webtiles) character file.

Game seed: 14984266866234395483

42 timneilson the Changeling (level 3, -2/28 HPs)
             Began as a Demigod Shapeshifter on Oct 28, 2023.
             Killed from afar by Natasha (3 damage)
             ... with a magic dart
             ... on level 3 of the Dungeon.
             The game lasted 00:07:10 (1479 turns).

timneilson the Changeling (Demigod Shapeshifter)    Turns: 1479, Time: 00:07:12

Health: -2/28      AC:  6    Str: 19    XL:     3   Next: 17%
Magic:  6/6        EV: 10    Int: 12    God:
Gold:   55         SH:  0    Dex: 13    Spells: 2/3 levels left

rFire   . .          .
                       - Unarmed
rCold   . . .        (no shield)
rNeg    . . .        j - +0 scale mail
rPois   .            (helmet currently unavailable)
rElec   .            (cloak currently unavailable)
rCorr   .            (gloves currently unavailable)
SInv    .            (boots currently unavailable)
Will    .....        (no amulet) Stlth
                     (no ring)
HPRegen 0.24/turn    (no ring)
MPRegen 0.10/turn

%: no passive effects
@: beast-form, slowed, very slow
A: beast (slay +1), high MP 1, forlorn, divine attributes
a: Begin Untransformation


You were on level 3 of the Dungeon.
You were a hulking beast.
You visited 1 branch of the dungeon, and saw 3 of its levels.

You collected 55 gold pieces.

Inventory:

Armour
 j - a +0 scale mail (worn)
Talismans
 c - a beast talisman
 d - a flux talisman
Scrolls
 a - a scroll of teleportation {unknown}
Potions
 b - a potion of lignification
 e - 3 potions of haste
 f - a potion of ambrosia {unknown}
 g - 2 potions of degeneration {unknown}
 i - 2 potions of curing {unknown}


   Skills:
 * Level 1.4 Fighting
 + Level 0.8 Armour
 + Level 2.0 Dodging
 + Level 2.9 Unarmed Combat
 + Level 0.5 Spellcasting
 + Level 0.0 Translocations
 * Level 3.0 Shapeshifting


You had 2 spell levels left.
You knew the following spells:

 Your Spells              Type           Power      Damage    Failure   Level
a - Apportation           Tloc           0%         N/A       67%         1

Your spell library contained the following spells:

 Spells                   Type           Power      Damage    Failure   Level
 Necrotise                Necr           0%         1d4       69%         1
 Sting                    Tmut/Pois      0%         1d3       69%         1
 Summon Small Mammal      Summ           0%         N/A       69%         1
 Poisonous Vapours        Pois/Air       0%         N/A       83%         2
 Olgreb's Toxic Radiance  Pois           0%         N/A       100%        4


Dungeon Overview and Level Annotations

Branches:
Dungeon (3/15)

Shops:
D:1 *

Annotations:
D:3 Natasha


Innate Abilities, Weirdness & Mutations

You are a hulking beast.
Your limbs bulge with bestial killing power. (Slay +1)
You have an increased reservoir of magic. (+10% MP)
You shall have no god before yourself.
Your divine heritage dramatically boosts your attributes as you level up.


Message History

The cerulean imp hits you but does no damage.
You closely miss Natasha.
Natasha is heavily wounded.
Natasha mumbles some strange words.
Natasha glows brightly for a moment.
Natasha stares at you and mumbles some strange words.
You feel yourself slow down.
You closely miss Natasha.
Natasha is heavily wounded.
The cerulean imp barely misses you.
Natasha stares at you and mumbles some strange words.
You resist with some effort.
The cerulean imp hits you from afar with a +1 spear.
You closely miss Natasha.
Natasha is heavily wounded.
Natasha claws you.
The cerulean imp hits you from afar with a +1 spear.
Natasha barely misses you.
You closely miss Natasha.
Natasha is heavily wounded.
The cerulean imp closely misses you. Natasha barely misses you.
The cerulean imp barely misses you.
You hit Natasha but do no damage.
Natasha is heavily wounded.
Natasha casts a spell at you. The magic dart hits you.
* * * LOW HITPOINT WARNING * * *
The cerulean imp hits you from afar with a +1 spear.
* * * LOW HITPOINT WARNING * * *
Natasha claws you.
* * * LOW HITPOINT WARNING * * *
You hit Natasha.
Natasha is heavily wounded.
The cerulean imp hits you but does no damage.
Natasha wildly gestures.
Natasha glows brightly for a moment.
Natasha stares at you and mumbles some strange words.
The magic dart hits you.
You die...
Natasha curls up and begins to purr.

###### #....# #.##.#
#.##.# . #†##.###### .[.
#.##.##.#.#
.....###)##.##.#.#
.$...5.h.##.#....###
......h..##........#
.........#....#.##.# ###
.........#.........# #..
........^#.#....#### #.#
.........###...#######.#
.....................#.#
####...#######....##.#.#
####.##.#.#


You could see Natasha and a cerulean imp (summoned).

Vanquished Creatures
  An adder (D:3)
  A dart slug (D:1)
  4 endoplasms
  4 goblins
  3 hobgoblins
  4 kobolds
  3 ball pythons
  3 bats
  2 frilled lizards (D:1)
  5 rats
30 creatures vanquished.

Notes
Turn   | Place    | Note
-------+----------+-------------------------------------------
     0 | D:1      | timneilson the Demigod Shapeshifter began the quest for the
                  | Orb.
     0 | D:1      | Reached XP level 1. HP: 15/15 MP: 3/3
    91 | D:1      | Reached skill level 1 in Fighting
   260 | D:1      | Reached XP level 2. HP: 23/23 MP: 4/4
   502 | D:1      | Found Jygaisul's Assorted Antiques.
   851 | D:2      | Learned a level 1 spell: Apportation
  1459 | D:3      | Reached skill level 3 in Shapeshifting
  1459 | D:3      | Reached XP level 3. HP: 28/28 MP: 4/6
  1470 | D:3      | Noticed Natasha
  1478 | D:3      | HP: 1/28 [Natasha (1)]
  1479 | D:3      | Killed from afar by Natasha

Illustrated notes

Levels and vault maps discovered:
D:1:      dpeg_arrival_water_fire, layout_loops_ring, serial_shops,
          nicolae_shop_overgrown_old_shop
D:2:      layout_rooms, serial_glass, glass_columns_a, glass_columns_a,
          basic_altar
D:3:      layout_basic, nicolae_overflow_crystal_walls,
          mainiacjoe_overflow_tiny_flanked,
          shapermc_ecumenical_altar_starsandcircs, uniq_natasha,
          uniq_crazy_yiuf_cottage

Skill      XL: |  1  2 |
---------------+-------+-----
Fighting       | 1 |  1.4
Dodging        | 2 |  2.0
Shapeshifting  | 3 |  3.0
Armour         | |  0.8
Unarmed Combat | |  2.9
Spellcasting   | |  0.5

Action                     || total
---------------------------++-------
  Melee: Unarmed           ||    93
    Use: Scroll            ||     3
 Armour: Animal skin       ||    14
         Scale mail        ||    39
  Dodge: Dodged            ||    54

Table legend: (Time is in decaauts)
 A = Elapsed time spent in this place.
 B = Non-inter-level travel time spent in this place.
 C = Inter-level travel time spent in this place.
 D = Time resting spent in this place.
 E = Time spent auto-exploring this place.
 F = Levels seen in this place.
 G = Mean time per level.
                   A        B        C        D        E       F      G
               +--------+--------+--------+--------+--------+-----+--------+
         Total |   1477 |   1297 |    180 |      0 |    910 |   3 |  492.3 |
       Dungeon |   1477 |   1297 |    180 |      0 |    910 |   3 |  492.3 |
               +--------+--------+--------+--------+--------+-----+--------+

Top non-repeatable levels by time:
     D:1: 989 daAuts
     D:2: 388 daAuts
     D:3: 98 daAuts
